 Dungeon Crawl Stone Soup version 0.29.1-1-gd02db6906a (webtiles) character file.

Game seed: 11331528247400010565

53 Demigod47 the Covered (level 3, -3/33 HPs)
             Began as a Minotaur Fighter on Oct 6, 2022.
             Slain by a gnoll
             ... wielding a +0 flail
              (6 damage)
             ... on level 2 of the Dungeon.
             The game lasted 00:05:51 (1522 turns).

Demigod47 the Covered (Minotaur Fighter)            Turns: 1522, Time: 00:05:52

Health: -3/33      AC:  7    Str: 22    XL:     3   Next: 62%
Magic:  2/2        EV:  5    Int:  5    God:
Gold:   92         SH:  0    Dex:  9    Spells: 2/2 levels left

rFire   + . .      SeeInvis .   j - +3 spear
rCold   x . .      Faith    .   c - +0 buckler
rNeg    . . .      Spirit   .   b - +0 scale mail
rPois   .          Reflect  .   (helmet restricted)
rElec   .          Harm     .   (no cloak)
rCorr   .          Rampage  .   (no gloves)
Will    .....                   (no boots)
Stlth   ..........              (no amulet)
HPRegen 0.11/turn               i - ring of fire
MPRegen 0.08/turn               (no ring)

@: held
A: horns 2, retaliatory headbutt
a: no special abilities


You were on level 2 of the Dungeon.
You visited 1 branch of the dungeon, and saw 2 of its levels.

You collected 92 gold pieces.

Inventory:

Hand Weapons
 a - a +0 flail
 g - a +0 club
 h - a +0 club
 j - a +3 spear (weapon)
Missiles
 p - 2 silver boomerangs (quivered)
Armour
 b - a +0 scale mail (worn)
 c - a +0 buckler (worn)
Jewellery
 i - a ring of fire (left hand)
Scrolls
 f - a scroll of immolation {unknown}
 l - a scroll of fear {unknown}
 m - a scroll of torment {unknown}
 n - a scroll of blinking {unknown}
Potions
 d - a potion of might
 e - a potion of lignification {unknown}
 k - 2 potions of brilliance {unknown}
 o - a potion of heal wounds {unknown}


   Skills:
 + Level 4.0 Fighting
 + Level 3.0 Maces & Flails
 + Level 0.1 Polearms
 + Level 4.4 Armour
 + Level 0.2 Dodging
 + Level 4.3 Shields


You had 2 spell levels left.
You didn't know any spells.
Your spell library was empty.

Dungeon Overview and Level Annotations

Branches:
Dungeon (2/15)

Altars:

Shops:
D:1 !


Innate Abilities, Weirdness & Mutations

You have a pair of horns on your head.
You reflexively headbutt those who attack you in melee.


Message History

The hobgoblin is moderately wounded.
The hobgoblin hits you. x2
You completely miss the hobgoblin. Your headbutt misses the hobgoblin.
The hobgoblin is moderately wounded.
The hobgoblin barely misses you.
You hit the hobgoblin.
The hobgoblin is severely wounded.
The hobgoblin hits you.
You barely miss the hobgoblin.
The hobgoblin is severely wounded.
The hobgoblin hits you.
You hit the hobgoblin.
You kill the hobgoblin!
Your Maces & Flails skill increases to level 3!
You see here a hobgoblin corpse.
k - 2 bubbling cyan potions (gained 1)
Found a stone staircase leading up.
There is a stone staircase leading up here.
A gnoll comes into view. It is wielding a +0 club.
The gnoll shouts!
A gnoll comes into view. It is wielding a +0 flail.
The gnoll shouts!
A gnoll comes into view. It is wielding a +0 halberd.
The gnoll closely misses you.
You hit the gnoll. You headbutt the gnoll!
You kill the gnoll!
You hit the gnoll but do no damage. The gnoll hits you with a +0 flail! x2
You barely miss the gnoll. You block the gnoll's attack.
Sorry, you're not good enough to have a special ability.
The gnoll throws a throwing net.
The throwing net hits you.
You become entangled in the net!
You see here a throwing net.
You struggle against the net.
You struggle against the net.
The gnoll hits you with a +0 flail!
* * * LOW HITPOINT WARNING * * *
You struggle against the net.
The gnoll hits you from afar with a +0 halberd.
* * * LOW HITPOINT WARNING * * *
The gnoll hits you with a +0 flail.
You die...

..# ..# #..##
#.# #.... #.#
#...# #.#
#...#### #.#
#......# #.#
#..##.# #.#
#..##.#########
#.#
#....@gg)......
#.#
##.############
#.# #.# #.#
########.#
#.####....<...#
#......########
########


You could see 2 gnolls.

Vanquished Creatures
  A gnoll (D:2)
  A dart slug (D:1)
  2 bats (D:2)
  5 endoplasms
  A giant cockroach (D:1)
  3 goblins
  3 hobgoblins
  5 jackals
  A kobold (D:1)
  3 quokkas (D:1)
  6 ball pythons
  3 frilled lizards
  A rat (D:2)
35 creatures vanquished.

Notes
Turn   | Place    | Note
-------+----------+-------------------------------------------
     0 | D:1      | Demigod47 the Minotaur Fighter began the quest for the Orb.
     0 | D:1      | Reached XP level 1. HP: 19/19 MP: 0/0
    43 | D:1      | You fall into a shaft and drop 1 floor!
   180 | D:1      | Reached XP level 2. HP: 23/27 MP: 1/1
   439 | D:1      | Found Beexuusa's Distillery.
   879 | D:1      | Reached XP level 3. HP: 31/33 MP: 2/2
  1522 | D:2      | Slain by a gnoll

Illustrated notes

Levels and vault maps discovered:
D:1:      mrwooster_arrival_statue_2, layout_basic, serial_shops,
          nicolae_shop_temple_entry_statues_fountains
D:2:      layout_loops_ring, skrybe_limestone_x

Skill      XL: |  1  2  3 |
---------------+----------+-----
Shields        | 4 |  4.3
Armour         | 4 |  4.4
Fighting       | 4 |  4.0
Maces & Flails | 3 |  3.0
Polearms       | |  0.1
Dodging        | |  0.2

Action                   || total
-------------------------++-------
Melee: Flail             ||    43
       Spear             ||    30
       Headbutt          ||     6
Armor: Scale mail        ||    43
Dodge: Dodged            ||    50
Block: Buckler           ||    24
